 Dungeon Crawl Stone Soup version 0.32-a0-996-gb3226c233f (webtiles) character file.

Game seed: 4214019578938878759

39 Gladio the Trooper (level 3, 0/29 HPs)
             Began as a Human Fighter on Apr 23, 2024.
             Was a Follower of Kikubaaqudgha.
             Slain by a frilled lizard (2 damage)
             ... on level 2 of the Dungeon.
             The game lasted 00:02:20 (1048 turns).

Gladio the Trooper (Human Fighter)                  Turns: 1048, Time: 00:02:20

Health: 0/29       AC:  6    Str: 18    XL:     3   Next: 47%
Magic:  3/3        EV:  8    Int:  8    God:    Kikubaaqudgha [*.....]
Gold:   55         SH:  4    Dex: 12    Spells: 2/2 levels left

rFire   . . .        a - +0 flail
rCold   . . .        c - +0 buckler
rNeg    . . .        b - +0 scale mail
rPois   .            (no helmet)
rElec   .            (no cloak)
rCorr   .            (no gloves)
SInv    .            (no boots)
Will    .....        (no amulet) Stlth
                     (no ring)
HPRegen 0.24/turn    (no ring)
MPRegen 0.08/turn

%: no passive effects
@: no status effects
A: explore regen
a: Renounce Religion, Unearth Wretches


You were on level 2 of the Dungeon.
You worshipped Kikubaaqudgha.
Kikubaaqudgha was aware of your devotion.
You visited 1 branch of the dungeon, and saw 2 of its levels.

You collected 55 gold pieces.

Inventory:

Hand Weapons
 a - a +0 flail (weapon)
Armour
 b - a +0 scale mail (worn)
 c - a +0 buckler (worn)
Scrolls
 e - a scroll of enchant armour {unknown}
 f - 2 scrolls of immolation
 h - a scroll of teleportation {unknown}
Potions
 d - a potion of might
 g - a potion of degeneration {unknown}


   Skills:
 + Level 3.5 Fighting
 * Level 3.2 Maces & Flails
 - Level 3.0 Armour
 - Level 3.0 Shields
 - Level 0.1 Necromancy


You had 2 spell levels left.
You didn't know any spells.
Your spell library contained the following spells:

 Spells                   Type           Power      Damage    Failure   Level
 Kiss of Death            Conj/Necr      0%         2d5       86%         1
 Necrotise                Necr           0%         1d4       86%         1
 Vampiric Draining        Necr           0%         2d6       99%         3
 Animate Dead             Necr           0%         N/A       100%        4


Dungeon Overview and Level Annotations

Branches:
Dungeon (2/15)

Altars:
Kikubaaqudgha

Shops:
D:2 :

Annotations:
D:2 Robin


Innate Abilities, Weirdness & Mutations

You regain HP and MP as you explore.


Message History

The goblin barely misses you. x2; The goblin hits you but does no damage.
The frilled lizard bites you.
You barely miss the goblin.
The goblin is moderately wounded.
You block the goblin's attack.
Robin roars a battlecry!
The goblins go into a battle-frenzy!
The goblin hits you with a +0 dagger. You block the goblin's attack.
The frilled lizard bites you but does no damage.
The goblin completely misses you. The goblin barely misses you.
The goblin hits you but does no damage.
You closely miss the goblin.
The goblin is moderately wounded.
The goblin no longer looks unusually strong.
The frilled lizard bites you. The goblin hits you but does no damage.
The goblin barely misses you. You block the goblin's attack.
The frilled lizard bites you but does no damage.
You barely miss the goblin.
The goblin is moderately wounded.
The goblin hits you but does no damage.
Robin roars a battlecry!
The goblin goes into a battle-frenzy!
The goblin hits you with a +0 dagger. The goblin hits you but does no damage.
The frilled lizard barely misses you.
You barely miss the goblin.
The goblin is moderately wounded.
The goblin hits you with a +0 club. The goblin closely misses you.
The goblin hits you with a +0 club.
* * * LOW HITPOINT WARNING * * *
The frilled lizard closely misses you. The goblin hits you with a +0 club.
* * * LOW HITPOINT WARNING * * *
You thump the goblin!
You kill the goblin!
Kikubaaqudgha accepts your kill.
The goblin no longer looks unusually strong.
The goblin hits you with a +0 dagger.
* * * LOW HITPOINT WARNING * * *
The frilled lizard bites you.
You die...
Kikubaaqudgha rasps: You have failed me!
Welcome... death!

#.....# ### #..<..# #
#.. ##.....# .# ##.#
......###. ##..#
#....#.. ##..##
..######......#####..##
..)...)g##..........####
#@g.........†.....
#l##.#†##.)#######
###g##...#....######
#.ggg...##.........#
###g#.###..#...#####..
#........#.#...# ###
#..[.....#.#...# ##
#........#.#...# #.
######.###.....# #.


You could see Robin, 5 goblins and a frilled lizard.

Vanquished Creatures
  An adder (D:2)
  A dart slug (D:1)
  2 ball pythons (D:1)
  3 endoplasms
  A giant cockroach (D:1)
  A hobgoblin (D:2)
  2 quokkas (D:2)
  4 bats
  5 goblins
  4 kobolds
  3 rats
27 creatures vanquished.

Notes
Turn   | Place    | Note
-------+----------+-------------------------------------------
     0 | D:1      | Gladio the Human Fighter began the quest for the Orb.
     0 | D:1      | Reached XP level 1. HP: 18/18 MP: 1/1
   198 | D:1      | Reached XP level 2. HP: 24/24 MP: 2/2
   400 | D:1      | Found a faded altar of an unknown god.
   461 | D:1      | Prayed at the altar of an unknown god.
   461 | D:1      | Became a worshipper of Kikubaaqudgha
   461 | D:1      | Reached * piety under Kikubaaqudgha
   461 | D:1      | Received a gift from Kikubaaqudgha
   906 | D:2      | Reached XP level 3. HP: 25/29 MP: 3/3
  1012 | D:2      | Found Huluk's Book Boutique.
  1021 | D:2      | Noticed Robin
  1048 | D:2      | Slain by a frilled lizard

Illustrated notes

Levels and vault maps discovered:
D:1:      nicolae_arrival_somewhat_less_tricky_arrival, layout_basic,
          hellmonk_ecumenical_altar_blasted
D:2:      layout_rooms, serial_shops, nicolae_shop_crystal, uniq_robin

Skill      XL: |  1  2 |
---------------+-------+-----
Maces & Flails | 3 |  3.2
Fighting       | |  3.5
Armour         | |  3.0
Shields        | |  3.0
Necromancy     | |  0.1

Action                     || total
---------------------------++-------
  Melee: Flail             ||    82
 Armour: Scale mail        ||    83
  Dodge: Dodged            ||    42
  Block: Buckler           ||    42

Table legend: (Time is in decaauts)
 A = Elapsed time spent in this place.
 B = Non-inter-level travel time spent in this place.
 C = Inter-level travel time spent in this place.
 D = Time resting spent in this place.
 E = Time spent auto-exploring this place.
 F = Levels seen in this place.
 G = Mean time per level.
                   A        B        C        D        E       F      G
               +--------+--------+--------+--------+--------+-----+--------+
         Total |   1072 |   1022 |     50 |      0 |    812 |   2 |  536.0 |
       Dungeon |   1072 |   1022 |     50 |      0 |    812 |   2 |  536.0 |
               +--------+--------+--------+--------+--------+-----+--------+

Top non-repeatable levels by time:
     D:1: 838 daAuts
     D:2: 233 daAuts
